Map: Year Zero LE

Players

Ragnarok (SHIN)

  • Race: Zerg Zerg
  • Spawn Location: 11:00

Serral - Winner!

  • Race: Zerg Zerg
  • Spawn Location: 1:00

Event: IEM Season 13: Katowice (2019)

VOD

Have the link to the VOD?

Description

Time

  • Played on: March 1, 2019, 7:07 a.m.
  • Length: 9:42

All games in this series

Show
View Real Time Build Order
Export as new Build Order

Ragnarok Zerg 

Build Orders: Hatch First 

Get SALT Encoding   

  12  0:00  Drone  
  13  0:13  Overlord  
  13  0:17  Drone  
  14  0:31  Drone x2  
  16  0:49  Hatchery  
  15  0:53  Drone  
  15  0:56  Drone  
  17  0:59  Drone  
  18  1:10  Extractor  
  17  1:15  Spawning Pool  
  17  1:18  Drone  
  17  1:21  Drone  
  18  1:29  Drone  
  19  1:39  Drone  
  20  1:53  Hatchery  
  19  1:59  Drone  
  20  2:02  Queen  
  20  2:06  Drone  
  23  2:12  Metabolic Boost  
  23  2:16  Drone  
  23  2:20  Drone  
  25  2:28  Queen  
  27  2:32  Overlord  
  27  2:35  Zergling x2  
  28  2:50  Drone  
  30  2:51  Drone x4  
  30  2:54  Queen  
  35  3:03  Overlord  
  35  3:10  Baneling Nest  
  34  3:15  Zergling x10  
  39  3:23  Zergling x6  
  39  3:25  Zergling x2  
  43  3:29  Overlord  
  43  3:34  Zergling x2  
  43  3:35  Zergling x2  
  45  3:45  Lair, Drone x2  
  45  3:46  Drone  
  45  3:48  Drone  
  49  3:52  Extractor  
  49  3:54  Extractor  
  46  3:57  Drone x3  
  46  4:02  Zergling x2  
  50  4:03  Zergling x2  
  50  4:04  Drone  
  52  4:12  Roach Warren  
  52  4:14  Baneling x2  
  52  4:16  Zergling x2  
  51  4:21  Zergling x2, Drone  
  51  4:23  Baneling x2  
  53  4:26  Drone x2  
  53  4:30  Drone x2  
  57  4:34  Overlord  
  57  4:39  Overlord  
  57  4:45  Extractor  
  55  4:52  Spire  
  55  4:56  Drone x2  
  55  4:57  Evolution Chamber  
  55  4:59  Drone  
  56  5:03  Drone x2  
  56  5:05  Drone  
  59  5:13  Drone x2  
  59  5:14  Drone x2  
  62  5:24  Drone x3  
  62  5:27  Extractor  
  62  5:28  Extractor  
  63  5:33  Overlord  
  63  5:44  Drone x4  
  66  5:58  Overlord  
  66  6:04  Mutalisk  
  66  6:05  Mutalisk x6  
  66  6:08  Mutalisk  
  82  6:12  Overlord  
  82  6:16  Zerg Flyer Weapons Level 1  
  82  6:20  Mutalisk x2  
  82  6:24  Drone x3  
  89  6:28  Drone  
  89  6:29  Overlord  
  90  6:38  Mutalisk x2  
  93  6:46  Mutalisk  
  93  6:47  Mutalisk  
  93  6:49  Drone x3  
  93  6:50  Drone  
  101  6:55  Mutalisk x2  
  101  7:00  Overlord  
  105  7:02  Overlord  
  105  7:11  Overlord  
  105  7:12  Overlord  
  105  7:13  Overlord  
  105  7:14  Overlord  
  99  7:18  Overlord  
  99  7:21  Mutalisk x2  
  101  7:23  Zergling x2  
  101  7:24  Zergling x2  
  101  7:26  Zergling x2  
  101  7:28  Zergling x2  
  101  7:29  Zergling x2  
  106  7:31  Zergling x2  
  106  7:34  Mutalisk  
  106  7:36  Zergling x2  
  105  7:39  Evolution Chamber  
  105  7:41  Mutalisk  
  106  7:46  Mutalisk  
  106  7:47  Mutalisk  
  106  7:50  Zergling x2  
  99  7:51  Zergling x2  
  99  7:56  Zergling x2  
  88  8:01  Zergling x2  
  78  8:15  Mutalisk  
  70  8:20  Zergling x4  
  61  8:36  Drone  
  62  8:41  Drone  
  59  8:51  Mutalisk  
  59  8:53  Drone  
  60  8:55  Drone  
  60  8:58  Drone  
  59  9:07  Drone  
  59  9:09  Drone x2  
  60  9:14  Drone  
  60  9:17  Drone  
  60  9:20  Drone  
  60  9:24  Drone  
Show
View Real Time Build Order
Export as new Build Order

Serral Zerg - Winner!

Build Orders: Hatch First 

Get SALT Encoding   

  12  0:00  Drone  
  13  0:12  Overlord  
  13  0:18  Drone  
  14  0:31  Drone x2  
  16  0:50  Hatchery  
  16  0:52  Drone  
  16  0:56  Drone  
  17  1:00  Drone  
  18  1:11  Extractor  
  17  1:15  Spawning Pool  
  16  1:19  Drone  
  16  1:22  Drone  
  18  1:28  Drone  
  19  1:39  Drone  
  20  1:51  Drone  
  21  2:00  Overlord  
  21  2:02  Queen x2  
  21  2:03  Zergling x2  
  26  2:12  Metabolic Boost  
  26  2:15  Drone x2  
  28  2:22  Drone  
  29  2:23  Drone  
  30  2:37  Hatchery  
  29  2:40  Drone  
  29  2:41  Drone  
  31  2:47  Overlord  
  31  2:50  Drone  
  32  2:54  Drone  
  32  2:57  Baneling Nest  
  32  3:00  Zergling x2  
  32  3:05  Drone  
  34  3:06  Zergling x2  
  34  3:10  Zergling x6  
  38  3:13  Zergling x2  
  38  3:15  Zergling x2  
  40  3:20  Overlord  
  40  3:21  Drone  
  40  3:23  Drone  
  42  3:28  Drone  
  42  3:29  Drone  
  44  3:38  Zergling x2  
  44  3:40  Baneling x2  
  45  3:42  Zergling x2  
  45  3:45  Zergling x2  
  45  3:46  Baneling  
  45  3:47  Zergling x2  
  48  3:49  Baneling  
  48  3:51  Queen  
  48  3:52  Drone x3  
  53  3:57  Overlord  
  53  3:58  Drone  
  54  4:06  Overlord  
  54  4:07  Drone  
  54  4:08  Evolution Chamber  
  54  4:12  Lair  
  54  4:17  Drone x3  
  54  4:19  Drone  
  57  4:25  Extractor x2  
  57  4:27  Roach Warren  
  57  4:28  Drone  
  57  4:30  Drone  
  55  4:33  Drone x2  
  55  4:36  Roach Warren  
  57  4:39  Zerg Missile Weapons Level 1  
  57  4:41  Drone x2  
  57  4:43  Drone  
  57  4:45  Drone  
  61  4:48  Drone  
  61  4:51  Overlord  
  61  4:52  Drone x2  
  64  4:54  Drone  
  64  4:56  Drone  
  64  4:59  Drone x2  
  68  5:01  Drone  
  68  5:03  Drone  
  68  5:04  Drone  
  71  5:09  Overlord  
  70  5:14  Extractor  
  70  5:15  Extractor  
  70  5:16  Roach  
  70  5:17  Roach x2  
  76  5:21  Roach  
  76  5:22  Overseer  
  76  5:23  Queen  
  76  5:27  Roach x2  
  81  5:31  Glial Reconstitution  
  81  5:34  Queen  
  83  5:41  Drone x2  
  85  5:45  Drone  
  85  5:47  Roach  
  85  5:48  Overlord x3  
  88  6:00  Queen, Overlord, Nydus Network  
  88  6:01  Overlord  
  89  6:06  Roach x3  
  95  6:11  Roach x3  
  95  6:16  Queen  
  103  6:22  Spore Crawler x2  
  103  6:23  Spore Crawler  
  103  6:24  Roach  
  102  6:31  Roach x4  
  110  6:36  Nydus Canal  
  110  6:38  Queen  
  112  6:43  Overlord x2  
  112  6:46  Queen  
  114  6:51  Roach, Nydus Canal  
  114  6:54  Roach x2  
  119  6:56  Roach  
  121  7:01  Queen  
  121  7:03  Roach x2  
  121  7:07  Roach x2  
  129  7:09  Roach  
  129  7:10  Nydus Canal  
  129  7:12  Roach  
  129  7:21  Roach x2  
  129  7:23  Queen  
  129  7:25  Roach x2  
  129  7:27  Roach  
  129  7:28  Roach  
  129  7:31  Roach  
  129  7:34  Nydus Canal  
  129  7:35  Roach  
  129  7:37  Queen  
  127  7:45  Roach x3  
  127  7:46  Roach  
  127  7:47  Roach  
  123  7:55  Spore Crawler  
  123  7:56  Roach x2, Spore Crawler  
  123  7:57  Nydus Canal  
  108  7:59  Roach  
  108  8:04  Queen  
  108  8:11  Roach x4  
  116  8:15  Queen  
  110  8:22  Queen  
  96  8:31  Roach x3  
  91  8:35  Spore Crawler  
  91  8:40  Queen, Roach, Spore Crawler x2  
  88  8:46  Roach x2  
  88  8:47  Spore Crawler  
  89  8:49  Nydus Canal  
  89  8:52  Roach  
  89  8:55  Roach x2  
  91  8:57  Roach  
  91  9:01  Roach  
  93  9:22  Nydus Canal  
  93  9:40  Hydralisk Den  

Tags
 
Add a new tag
Caveats
  • Supply blocks, unpowered buildings, or Contaminate may cause inaccurate times.
  • Supply counts are checked every 10 seconds.